Map: 2000 Atmospheres LE

Players

Amove - Winner!

  • Race: Protoss Protoss
  • League: Diamond

ViBE

  • Race: Protoss Protoss
  • League: Diamond

VOD

Have the link to the VOD?

Description

Time

  • Played on: April 12, 2021, 4:38 a.m.
  • Length: 13:21
Show
View Real Time Build Order
Export as new Build Order

Amove Protoss - Winner!

Build Orders: Zealot Archon 

Get SALT Encoding   

  12  0:00  Probe  
  13  0:12  Probe  
  14  0:17  Pylon  
  14  0:24  Probe (Chrono Boost)  
  15  0:37  Probe (Chrono Boost)  
  15  0:40  Gateway  
  16  0:45  Probe (Chrono Boost)  
  16  0:47  Assimilator  
  17  0:51  Probe  
  18  0:57  Assimilator  
  18  1:07  Gateway  
  18  1:20  Probe  
  19  1:27  Cybernetics Core  
  19  1:32  Probe (Chrono Boost)  
  20  1:33  Pylon  
  20  1:43  Probe (Chrono Boost)  
  21  1:48  Probe (Chrono Boost)  
  22  1:58  Probe  
  23  2:04  Stalker  
  23  2:05  Sentry  
  23  2:08  Pylon  
  27  2:10  Probe  
  27  2:13  Warp Gate (Chrono Boost)  
  28  2:31  Pylon  
  28  2:36  Nexus  
  28  2:48  Pylon  
  28  2:50  Sentry x2  
  32  3:06  Probe  
  33  3:18  Probe  
  34  3:27  Twilight Council  
  34  3:30  Probe  
  35  3:34  Gateway  
  35  3:37  Gateway  
  35  3:43  Probe (Chrono Boost)  
  36  3:50  Gateway  
  36  3:51  Probe (Chrono Boost)  
  36  3:55  Probe (Chrono Boost)  
  38  4:01  Probe (Chrono Boost)  
  40  4:03  Probe (Chrono Boost)  
  40  4:06  Probe (Chrono Boost)  
  40  4:07  Charge (Chrono Boost)  
  41  4:11  Probe  
  42  4:19  Forge  
  42  4:20  Pylon  
  42  4:25  Probe x2  
  44  4:35  Pylon  
  44  4:37  Probe  
  44  4:38  Robotics Facility  
  45  4:39  Probe  
  45  4:42  Gateway  
  46  4:46  Protoss Ground Weapons Level 1 (Chrono Boost)  
  46  4:49  Probe  
  46  4:52  Templar Archives  
  47  5:00  Probe  
  47  5:04  Pylon  
  48  5:07  Stalker  
  48  5:08  Stalker  
  52  5:17  Probe  
  53  5:21  Warp Prism (Chrono Boost)  
  53  5:24  Gateway  
  53  5:28  Zealot  
  57  5:29  Zealot  
  59  5:36  Zealot x2  
  63  5:43  Probe  
  63  5:47  Pylon  
  63  5:49  Zealot x2  
  68  6:00  Zealot  
  68  6:01  Zealot x3  
  76  6:04  Pylon  
  76  6:11  High Templar x2  
  76  6:15  Archon  
  80  6:21  Zealot x3  
  86  6:30  Probe  
  91  6:32  Immortal  
  91  6:34  Zealot  
  81  6:48  Zealot x4  
  81  6:49  Zealot x2  
  85  7:07  Zealot  
  83  7:14  Zealot x5  
  93  7:20  Nexus  
  87  7:27  Immortal (Chrono Boost)  
  85  7:31  High Templar  
  85  7:32  High Templar  
  87  7:48  Zealot x5  
  87  7:49  Archon  
  89  7:52  Protoss Ground Weapons Level 2 (Chrono Boost)  
  89  7:55  Shield Battery  
  89  7:57  Shield Battery  
  89  8:11  Zealot x2  
  93  8:14  Pylon  
  93  8:29  Probe  
  93  8:32  Probe  
  95  8:34  Assimilator  
  95  8:36  Assimilator  
  95  8:37  Probe  
  95  8:38  Pylon  
  95  8:39  Pylon  
  96  8:41  Probe  
  96  8:42  Zealot  
  96  8:43  Zealot x4  
  96  8:44  Probe  
  108  8:49  Probe, Zealot  
  108  8:54  Probe  
  112  8:56  Pylon, Probe  
  112  9:01  Probe (Chrono Boost)  
  114  9:04  High Templar x2  
  114  9:06  Probe (Chrono Boost), Zealot x2  
  123  9:10  Zealot  
  125  9:17  Archon  
  125  9:19  Zealot x2  
  129  9:29  Pylon, High Templar x2  
  129  9:30  Zealot  
  135  9:35  Archon  
  135  9:41  Zealot x3  
  141  9:50  Pylon  
  141  9:52  Zealot x2  
  143  10:02  Zealot  
  143  10:03  Zealot x2  
  143  10:21  Zealot x4  
  125  10:40  Zealot x3  
  131  10:46  Probe  
  131  10:47  Probe x2  
  134  10:51  High Templar x3  
  134  10:52  High Templar  
  134  10:55  Archon x2  
  142  10:58  Assimilator  
  142  10:59  Probe x2  
  142  11:01  Nexus  
  142  11:03  Pylon, Assimilator  
  144  11:06  Gateway  
  144  11:07  Zealot x3  
  144  11:08  Gateway  
  150  11:13  Pylon  
  150  11:20  Stargate  
  150  11:24  Pylon  
  150  11:25  Zealot x4  
  158  11:41  High Templar x2  
  158  11:45  Archon  
  162  11:57  Zealot x5  
  154  12:31  Zealot x4  
  154  12:32  Zealot x4  
  110  12:53  Zealot x6  
  110  12:54  Zealot x2  
  84  13:14  Zealot x5  
  84  13:15  Zealot x3  
Show
View Real Time Build Order
Export as new Build Order

ViBE Protoss 

Build Orders: Archon Immortal 

Get SALT Encoding   

  12  0:00  Probe  
  13  0:14  Probe  
  13  0:18  Pylon  
  14  0:27  Probe  
  15  0:37  Gateway  
  15  0:40  Probe (Chrono Boost)  
  16  0:43  Assimilator  
  16  0:49  Probe (Chrono Boost)  
  17  0:54  Probe (Chrono Boost)  
  18  1:06  Probe  
  19  1:18  Probe  
  20  1:20  Gateway  
  20  1:24  Cybernetics Core  
  20  1:29  Assimilator  
  20  1:30  Probe  
  21  1:41  Pylon  
  21  1:43  Probe (Chrono Boost)  
  23  1:55  Probe (Chrono Boost)  
  23  2:03  Warp Gate  
  23  2:04  Probe (Chrono Boost)  
  24  2:11  Stalker x2  
  24  2:14  Probe  
  29  2:35  Probe  
  30  2:38  Pylon  
  30  2:47  Probe  
  31  2:56  Stalker x2  
  35  2:59  Probe  
  35  3:01  Nexus  
  36  3:08  Shield Battery  
  36  3:13  Probe  
  37  3:24  Robotics Facility  
  37  3:25  Probe (Chrono Boost)  
  38  3:37  Probe (Chrono Boost)  
  38  3:40  Pylon  
  39  3:51  Pylon  
  39  3:58  Probe (Chrono Boost)  
  39  4:02  Sentry, Stalker  
  44  4:08  Probe (Chrono Boost)  
  45  4:13  Probe (Chrono Boost), Immortal  
  45  4:15  Probe  
  51  4:26  Probe  
  51  4:27  Probe  
  53  4:42  Probe x2  
  53  4:43  Nexus  
  55  4:48  Pylon  
  55  4:53  Immortal  
  55  4:56  Probe  
  55  4:57  Probe  
  61  5:09  Probe x2  
  63  5:17  Forge  
  63  5:18  Twilight Council  
  63  5:19  Pylon  
  63  5:21  Probe x2  
  65  5:23  Assimilator  
  65  5:24  Assimilator  
  65  5:33  Probe x2  
  67  5:38  Immortal  
  71  5:42  Pylon  
  71  5:45  Probe x2  
  73  5:50  Stalker  
  73  5:51  Stalker  
  73  5:55  Probe  
  78  5:57  Probe x2  
  78  5:59  Pylon  
  78  6:03  Protoss Ground Weapons Level 1, Phoenix  
  80  6:06  Charge  
  80  6:07  Probe  
  80  6:09  Probe  
  80  6:10  Templar Archives  
  82  6:14  Zealot  
  82  6:15  Zealot  
  82  6:17  Observer  
  82  6:18  Probe (Chrono Boost)  
  88  6:20  Probe (Chrono Boost)  
  88  6:21  Probe (Chrono Boost)  
  90  6:27  Assimilator x2  
  90  6:29  Pylon, Probe (Chrono Boost)  
  90  6:34  Probe x2 (Chrono Boost)  
  88  6:46  Probe x2  
  88  6:47  Probe  
  81  6:50  High Templar x2  
  81  6:58  Probe  
  81  6:59  Probe x2  
  81  7:02  Archon, Gateway  
  81  7:05  Gateway  
  81  7:07  Shield Battery  
  81  7:10  Probe  
  81  7:11  Probe x2  
  77  7:23  Probe x3  
  79  7:32  High Templar x2  
  79  7:35  Probe x2, Immortal  
  88  7:47  Nexus, Probe x2  
  90  7:55  Pylon, Archon  
  90  7:59  Probe  
  90  8:05  High Templar x2, Zealot x2  
  95  8:09  Archon  
  99  8:13  Gateway  
  99  8:17  Protoss Ground Weapons Level 2 (Chrono Boost)  
  99  8:18  Gateway  
  99  8:22  Probe x2  
  101  8:34  Probe x2  
  101  8:39  Pylon  
  103  8:46  Probe x2  
  103  8:47  Pylon  
  105  8:52  Pylon  
  105  8:54  Pylon  
  105  8:58  Probe x2, Zealot x2  
  105  8:59  Zealot x2  
  105  9:01  Immortal  
  119  9:15  High Templar x2  
  123  9:19  Archon  
  123  9:22  Nexus  
  123  9:25  Pylon  
  123  9:28  Pylon  
  123  9:36  High Templar x4  
  131  9:40  Archon x2  
  131  9:42  Immortal  
  131  9:44  Probe  
  131  9:45  Probe  
  137  9:48  Gateway  
  137  9:50  Gateway  
  137  9:54  Probe  
  137  9:56  Probe  
  137  9:57  Probe  
  140  10:00  Pylon  
  140  10:03  Zealot x2  
  140  10:06  Probe  
  145  10:10  Probe  
  145  10:11  Probe  
  147  10:15  Zealot x4  
  147  10:18  Probe  
  119  10:45  High Templar x3  
  119  10:46  High Templar  
  119  10:47  Observer  
  119  10:49  Zealot x3  
  134  10:50  Nexus, Archon  
  134  10:51  Archon  
  134  11:08  Observer  
  136  11:18  Probe x2  
  136  11:20  Zealot x2  
  141  11:26  Pylon  
  141  11:31  Pylon  
  141  11:36  Pylon  
  141  11:47  High Templar x2  
  141  11:48  High Templar x2  
  141  11:52  Pylon  
  141  11:53  Archon x2  
  149  11:56  Pylon  
  149  11:57  Immortal  
  153  12:01  Pylon  
  153  12:09  Probe x3  
  154  12:18  Assimilator  
  152  12:26  Probe x3  
  152  12:39  Zealot x7  
  152  12:40  Zealot  
  138  12:48  Probe x3  
  69  13:07  Zealot x3  
  69  13:08  Zealot x5  
  69  13:09  Probe x2  
Tags
 
Add a new tag
Caveats
  • Supply blocks, unpowered buildings, or Contaminate may cause inaccurate times.
  • Supply counts are checked every 10 seconds.